XFBL
KANSAS CITY ROYALS @ CHICAGO WHITE SOX
05/26/1982
 
TOP OF THE 1ST
Kansas City Royals batting - Pitching for Chicago White Sox : LHP John Candelaria
Pitching: LHP John Candelaria
Batting: LHB Jim Eisenreich 0-0: Called Strike
0-1: Ball
1-1: Foul Ball, location: 2F
1-2: Strikes out swinging
Batting: RHB Alberto Gonzalez 0-0: Called Strike
0-1: Ball
1-1: Foul Ball, location: 2F
1-2: Ball
2-2: Foul Ball, location: 2F
2-2: Fly out, F8 (Flyball, 8LM, EV 84.4 MPH)
Batting: RHB Jeffrey Leonard 0-0: SINGLE (Line Drive, 8RS, EV 108.1 MPH)
Batting: LHB Alvin Davis 0-0: Called Strike
0-1: Called Strike
0-2: SINGLE (Flyball, 78S, EV 91.3 MPH)
Jeffrey Leonard to second
Runner from 2nd tries for 3rd, SAFE, throw by LF made to third
Batting: RHB Gary Carter 0-0: Called Strike
0-1: Foul Ball, location: 2F
0-2: Foul Ball, location: 2F
0-2: Ball
1-2: Ball
2-2: Ball
3-2: SINGLE (Line Drive, 78S, EV 90.0 MPH)
Jeffrey Leonard scores
Alvin Davis to second
Alvin Davis to third
Batting: RHB Rickey Henderson 0-0: Fielders Choice at 2nd, 6-4 (Groundball, 6, EV 100.6 MPH)
Top of the 1st over - 1 run, 3 hits, 0 errors, 2 left on base; Kansas City 1 - Chicago 0
BOTTOM OF THE 1ST
Chicago White Sox batting - Pitching for Kansas City Royals : RHP Donald Moore
Pitching: RHP Donald Moore
Batting: SHB Ozzie Smith 0-0: Ball
1-0: Ball
2-0: Ball
3-0: Base on Balls
Batting: RHB Steve Henderson 0-0: Called Strike
0-1: Ball
Ozzie Smith is caught stealing 2nd base 2-4
1-1: Fly out, F8 (Flyball, 8LM, EV 90.6 MPH)
Batting: LHB Mitchell Page 0-0: Fly out, F9 (Flyball, 9, EV 82.5 MPH)
Bottom of the 1st over - 0 runs, 0 hits, 0 errors, 0 left on base; Kansas City 1 - Chicago 0
TOP OF THE 2ND
Kansas City Royals batting - Pitching for Chicago White Sox : LHP John Candelaria
Batting: RHB Bob Horner 0-0: Fly out, F6 (Flyball, 56D, EV 83.1 MPH)
Batting: LHB Gene Richards 0-0: Called Strike
0-1: Ground out 3-1 (Groundball, 34, EV 93.8 MPH)
Batting: LHB Rick Manning 0-0: Foul Ball, location: 2F
0-1: Called Strike
0-2: Foul Ball, location: 2F
0-2: Ground out 4-3 (Groundball, 4, EV 99.4 MPH)
Top of the 2nd over - 0 runs, 0 hits, 0 errors, 0 left on base; Kansas City 1 - Chicago 0
BOTTOM OF THE 2ND
Chicago White Sox batting - Pitching for Kansas City Royals : RHP Donald Moore
Batting: RHB Tim Teufel 0-0: Called Strike
0-1: Ball
1-1: Ground out 5-3 (Groundball, 56, EV 100.0 MPH)
Batting: SHB Dwayne Taggart 0-0: Ball
1-0: Foul Ball, location: 2F
1-1: Foul Ball, location: 2F
1-2: Ball
2-2: SINGLE (Groundball, 4MD, EV 103.8 MPH)
Batting: LHB Ryan MacFarland 0-0: Ball
1-0: Grounds into double play, 4-6-3 (Groundball, 34, EV 104.4 MPH)
Bottom of the 2nd over - 0 runs, 1 hit, 0 errors, 0 left on base; Kansas City 1 - Chicago 0
TOP OF THE 3RD
Kansas City Royals batting - Pitching for Chicago White Sox : LHP John Candelaria
Batting: LHB Jim Eisenreich 0-0: Ball
1-0: Ball
2-0: Called Strike
2-1: TRIPLE (Flyball, 89XD, EV 109.4 MPH)
Batting: RHB Alberto Gonzalez 0-0: Called Strike
0-1: Ball
1-1: Foul Ball, location: 2F
1-2: Ball
2-2: Ground out 5-3 (Groundball, 5L, EV 81.3 MPH)
Batting: RHB Jeffrey Leonard 0-0: Ball
1-0: 2-RUN HOME RUN (Flyball, 78XD, EV 107.5 MPH), Distance : 403 ft
Batting: LHB Alvin Davis 0-0: Ball
1-0: Swinging Strike
1-1: Ball
2-1: Called Strike
2-2: Ball
3-2: DOUBLE (Flyball, 78D, EV 97.5 MPH)
Batting: RHB Gary Carter 0-0: Ball
1-0: Called Strike
1-1: Foul Ball, location: 2F
1-2: Strikes out swinging
Batting: RHB Rickey Henderson 0-0: Ball
1-0: Foul Ball, location: 2F
1-1: Foul Ball, location: 2F
1-2: Ball
2-2: Ball
3-2: Ground out 4-3 (Groundball, 4, EV 100.0 MPH)
Top of the 3rd over - 2 runs, 3 hits, 0 errors, 1 left on base; Kansas City 3 - Chicago 0
BOTTOM OF THE 3RD
Chicago White Sox batting - Pitching for Kansas City Royals : RHP Donald Moore
Batting: RHB Mike A Marshall 0-0: Ground out 6-3 (Groundball, 6S, EV 79.4 MPH)
Batting: SHB Wayne Tolleson 0-0: Ball
1-0: Called Strike
1-1: Foul Ball, location: 2F
1-2: Strikes out swinging
Batting: LHB Steve Christmas 0-0: Ball
1-0: Ground out U3 (Groundball, 3, EV 104.4 MPH)
Bottom of the 3rd over - 0 runs, 0 hits, 0 errors, 0 left on base; Kansas City 3 - Chicago 0
TOP OF THE 4TH
Kansas City Royals batting - Pitching for Chicago White Sox : LHP John Candelaria
Batting: RHB Bob Horner 0-0: Fly out, F4 (Flyball, 4D, EV 91.3 MPH)
Batting: LHB Gene Richards 0-0: Called Strike
0-1: Foul Ball, location: 2F
0-2: Foul Ball, location: 2F
0-2: Ball
1-2: Ground out 5-3 (Groundball, 5, EV 83.8 MPH)
Batting: LHB Rick Manning 0-0: Called Strike
0-1: Foul Ball, location: 2F
0-2: Strikes out swinging
Top of the 4th over - 0 runs, 0 hits, 0 errors, 0 left on base; Kansas City 3 - Chicago 0
BOTTOM OF THE 4TH
Chicago White Sox batting - Pitching for Kansas City Royals : RHP Donald Moore
Batting: SHB Ozzie Smith 0-0: Called Strike
0-1: Ball
1-1: Ball
2-1: Called Strike
2-2: Ball
3-2: Foul Ball, location: 2F
3-2: Ground out 6-3 (Groundball, 6, EV 83.1 MPH)
Batting: RHB Steve Henderson 0-0: Ball
1-0: Foul Ball, location: 2F
1-1: Ball
2-1: Swinging Strike
2-2: Ball
3-2: Foul Ball, location: 2F
3-2: Fly out, F3 (Line Drive, 3, EV 68.1 MPH)
Batting: LHB Mitchell Page 0-0: Called Strike
0-1: Foul Ball, location: 2F
0-2: Hit by Pitch
Batting: RHB Tim Teufel 0-0: Ball
1-0: Called Strike
1-1: Ball
Wild Pitch!
Mitchell Page to second
2-1: Foul Ball, location: 2F
2-2: Fly out, F9 (Flyball, 89S, EV 79.4 MPH)
Bottom of the 4th over - 0 runs, 0 hits, 0 errors, 1 left on base; Kansas City 3 - Chicago 0
TOP OF THE 5TH
Kansas City Royals batting - Pitching for Chicago White Sox : LHP John Candelaria
Batting: LHB Jim Eisenreich 0-0: Swinging Strike
0-1: Swinging Strike
0-2: Ball
1-2: Strikes out swinging
Batting: RHB Alberto Gonzalez 0-0: Ball
1-0: Ball
2-0: Foul Ball, location: 2F
2-1: Fly out, F8 (Flyball, 8RD, EV 95.0 MPH)
Batting: RHB Jeffrey Leonard 0-0: Foul Ball, location: 2F
0-1: Ball
1-1: Called Strike
1-2: Foul Ball, location: 2F
1-2: Ball
2-2: Foul Ball, location: 2F
2-2: Strikes out swinging
Top of the 5th over - 0 runs, 0 hits, 0 errors, 0 left on base; Kansas City 3 - Chicago 0
BOTTOM OF THE 5TH
Chicago White Sox batting - Pitching for Kansas City Royals : RHP Donald Moore
Batting: SHB Dwayne Taggart 0-0: Foul Ball, location: 2F
0-1: Fly out, F8 (Line Drive, 8RD, EV 93.1 MPH)
Batting: LHB Ryan MacFarland 0-0: Called Strike
0-1: SINGLE (Line Drive, 4MD, EV 96.9 MPH)
Batting: RHB Mike A Marshall 0-0: Ball
1-0: Called Strike
1-1: Ball
2-1: Swinging Strike
2-2: Strikes out looking
Batting: SHB Wayne Tolleson 0-0: Ball
1-0: Foul Ball, location: 2F
1-1: Ball
2-1: Swinging Strike
2-2: Foul Ball, location: 2F
2-2: Foul Ball, location: 2F
2-2: Strikes out swinging
Bottom of the 5th over - 0 runs, 1 hit, 0 errors, 1 left on base; Kansas City 3 - Chicago 0
TOP OF THE 6TH
Kansas City Royals batting - Pitching for Chicago White Sox : LHP John Candelaria
Batting: LHB Alvin Davis 0-0: Ball
1-0: Ball
2-0: Ball
3-0: Base on Balls
Batting: RHB Gary Carter 0-0: Called Strike
Alvin Davis is caught stealing 2nd base 2-4
0-1: Ball
1-1: Foul Ball, location: 2F
1-2: Ball
2-2: Strikes out swinging
Batting: RHB Rickey Henderson 0-0: Ball
1-0: Swinging Strike
1-1: Foul Ball, location: 2F
1-2: Ball
2-2: Strikes out looking
Top of the 6th over - 0 runs, 0 hits, 0 errors, 0 left on base; Kansas City 3 - Chicago 0
BOTTOM OF THE 6TH
Chicago White Sox batting - Pitching for Kansas City Royals : RHP Donald Moore
Batting: LHB Steve Christmas 0-0: Ball
1-0: DOUBLE (Flyball, 8RXD, EV 94.4 MPH)
Batting: SHB Ozzie Smith 0-0: Ball
1-0: DOUBLE (Line Drive, 7LM, EV 101.3 MPH)
Steve Christmas scores
Batting: RHB Steve Henderson 0-0: Ball
1-0: Ground out 5-3 (Groundball, 5, EV 91.3 MPH)
Batting: LHB Mitchell Page 0-0: Fly out, F5 (Popup, 56S, EV 79.4 MPH)
Batting: RHB Tim Teufel 0-0: Swinging Strike
0-1: Foul Ball, location: 2F
0-2: Ball
1-2: Foul Ball, location: 2F
1-2: Ground out 6-3 (Groundball, 56, EV 105.0 MPH)
Bottom of the 6th over - 1 run, 2 hits, 0 errors, 1 left on base; Kansas City 3 - Chicago 1
TOP OF THE 7TH
Kansas City Royals batting - Pitching for Chicago White Sox : LHP John Candelaria
Batting: RHB Bob Horner 0-0: Called Strike
0-1: Ball
1-1: Ball
2-1: Foul Ball, location: 2F
2-2: Ground out U3 (Groundball, 34S, EV 82.5 MPH)
Pitching: LHP Jim Goetz
Batting: LHB Gene Richards 0-0: Ground out 6-3 (Groundball, 6, EV 86.9 MPH)
Batting: LHB Rick Manning 0-0: Ball
1-0: Ball
2-0: Called Strike
2-1: Foul Ball, location: 2F
2-2: Strikes out swinging
Top of the 7th over - 0 runs, 0 hits, 0 errors, 0 left on base; Kansas City 3 - Chicago 1
BOTTOM OF THE 7TH
Chicago White Sox batting - Pitching for Kansas City Royals : RHP Donald Moore
Batting: SHB Dwayne Taggart 0-0: Ball
1-0: Ball
2-0: Called Strike
2-1: Ball
3-1: Base on Balls
Batting: LHB Ryan MacFarland 0-0: Called Strike
0-1: Ball
1-1: Ball
2-1: Foul Ball, location: 2F
2-2: Ball
Dwayne Taggart steals 2nd base
3-2: Foul Ball, location: 2F
3-2: Ground out 5-3 (Groundball, 56, EV 79.4 MPH)
Batting: RHB Mike A Marshall 0-0: Swinging Strike
0-1: Swinging Strike
0-2: Foul Ball, location: 2F
0-2: Strikes out swinging
Batting: SHB Wayne Tolleson 0-0: Foul Ball, location: 2F
0-1: Called Strike
0-2: Ball
1-2: Ball
2-2: Ground out 3-1 (Groundball, 34, EV 91.9 MPH)
Bottom of the 7th over - 0 runs, 0 hits, 0 errors, 1 left on base; Kansas City 3 - Chicago 1
TOP OF THE 8TH
Kansas City Royals batting - Pitching for Chicago White Sox : LHP Jim Goetz
Batting: LHB Jim Eisenreich 0-0: Ball
1-0: Called Strike
1-1: Foul Ball, location: 2F
1-2: Strikes out swinging
Batting: RHB Alberto Gonzalez 0-0: Called Strike
0-1: Ball
1-1: Called Strike
1-2: Ground out 4-3 (Groundball, 4MS, EV 77.5 MPH)
Batting: RHB Jeffrey Leonard 0-0: Fly out, F9 (Flyball, 9LM, EV 81.9 MPH)
Top of the 8th over - 0 runs, 0 hits, 0 errors, 0 left on base; Kansas City 3 - Chicago 1
BOTTOM OF THE 8TH
Chicago White Sox batting - Pitching for Kansas City Royals : RHP Donald Moore
Batting: LHB Steve Christmas 0-0: Ball
1-0: Fly out, F4 (Flyball, 34D, EV 73.1 MPH)
Batting: SHB Ozzie Smith 0-0: Called Strike
0-1: Ball
1-1: Ball
2-1: Foul Ball, location: 2F
2-2: Ball
3-2: Base on Balls
Batting: RHB Steve Henderson 0-0: Called Strike
0-1: Ball
1-1: Ball
2-1: Fielders Choice at 2nd, 4-6 (Groundball, 4, EV 90.0 MPH)
Batting: LHB Mitchell Page 0-0: Foul Ball, location: 2F
0-1: Hit by Pitch
Steve Henderson to second
Pitching: RHP Orel Hershiser
Batting: RHB Tim Teufel 0-0: Fielders Choice at 2nd, 5-4 (Groundball, 56, EV 85.0 MPH)
Bottom of the 8th over - 0 runs, 0 hits, 0 errors, 2 left on base; Kansas City 3 - Chicago 1
TOP OF THE 9TH
Kansas City Royals batting - Pitching for Chicago White Sox : LHP Jim Goetz
Batting: LHB Alvin Davis 0-0: Foul Ball, location: 2F
0-1: Ball
1-1: Ball
2-1: Foul Ball, location: 2F
2-2: Fly out, F5 (Popup, 5L, EV 62.5 MPH)
Batting: RHB Gary Carter 0-0: SINGLE (Flyball, 8RS, EV 88.1 MPH)
Batting: RHB Rickey Henderson 0-0: Foul Ball, location: 2F
0-1: Foul Ball, location: 2F
0-2: SINGLE (Groundball, 6MD, EV 95.6 MPH)
Gary Carter to second
Runner from 2nd tries for 3rd, SAFE, throw by CF made to third
Batting: RHB Bob Horner 0-0: Ball
1-0: Ball
2-0: Grounds into double play, 5-4-3 (Groundball, 56S, EV 88.8 MPH)
Top of the 9th over - 0 runs, 2 hits, 0 errors, 1 left on base; Kansas City 3 - Chicago 1
BOTTOM OF THE 9TH
Chicago White Sox batting - Pitching for Kansas City Royals : RHP Orel Hershiser
Batting: SHB Dwayne Taggart 0-0: Ball
1-0: Ball
2-0: Ball
3-0: Called Strike
3-1: Called Strike
3-2: Strikes out swinging
Batting: LHB Ryan MacFarland 0-0: Ball
1-0: Called Strike
1-1: SINGLE (Line Drive, 78S, EV 95.6 MPH)
Batting: RHB Mike A Marshall 0-0: Called Strike
0-1: Called Strike
0-2: Ball
1-2: Foul Ball, location: 2F
1-2: Strikes out swinging
Batting: SHB Wayne Tolleson 0-0: Ball
1-0: Ball
2-0: Called Strike
2-1: Ground out U3 (Groundball, 3, EV 91.9 MPH)
Bottom of the 9th over - 0 runs, 1 hit, 0 errors, 1 left on base; Kansas City 3 - Chicago 1
Monday, August 3rd, 2020 - OOTP Baseball 21.5 Build 76